Map: Abyssal Reef LE

Players

Harstem - Winner!

  • Race: Protoss Protoss
  • Spawn Location: 5:00

Optimus

  • Race: Terran Terran
  • Spawn Location: 11:00

Event: WCS Valencia 2017

VOD

Have the link to the VOD?

Description

Time

  • Played on: July 13, 2017, 2:05 p.m.
  • Length: 9:52

All games in this series

Show
View Real Time Build Order
Export as new Build Order

Harstem Protoss - Winner!

Build Orders: 1 Gate Expand, Oracle Opening 

Get SALT Encoding   

  12  0:01  Probe (Chrono Boost)  
  13  0:12  Probe (Chrono Boost)  
  14  0:17  Pylon  
  14  0:22  Probe (Chrono Boost)  
  15  0:36  Probe (Chrono Boost), Gateway  
  16  0:43  Assimilator  
  16  0:46  Probe (Chrono Boost)  
  18  0:57  Probe (Chrono Boost)  
  18  1:07  Probe (Chrono Boost)  
  19  1:18  Probe (Chrono Boost)  
  20  1:25  Nexus  
  20  1:33  Cybernetics Core  
  20  1:36  Probe (Chrono Boost)  
  21  1:44  Assimilator  
  21  1:47  Probe (Chrono Boost)  
  21  1:52  Pylon  
  22  1:57  Probe (Chrono Boost)  
  23  2:10  Probe, Adept (Chrono Boost)  
  26  2:19  Stargate  
  26  2:22  Probe  
  27  2:29  Warp Gate  
  27  2:35  Probe  
  30  2:37  Probe  
  29  2:46  Probe, Adept (Chrono Boost)  
  29  2:49  Probe  
  33  2:56  Probe  
  34  3:01  Probe  
  34  3:03  Oracle (Chrono Boost)  
  38  3:07  Probe  
  39  3:16  Probe, Adept  
  39  3:19  Pylon  
  42  3:20  Gateway  
  42  3:21  Probe  
  43  3:28  Probe  
  43  3:33  Probe  
  43  3:40  Probe, Gateway  
  45  3:44  Probe, Oracle (Chrono Boost)  
  49  3:53  Probe  
  50  3:59  Probe  
  49  4:05  Probe (Chrono Boost)  
  49  4:09  Pylon  
  50  4:15  Nexus  
  53  4:17  Probe (Chrono Boost), Mothership Core (Chrono Boost)  
  53  4:27  Phoenix  
  51  4:32  Probe (Chrono Boost)  
  51  4:38  Probe (Chrono Boost)  
  52  4:45  Adept  
  52  4:47  Probe (Chrono Boost)  
  52  4:49  Probe (Chrono Boost)  
  52  4:50  Pylon  
  54  4:58  Probe (Chrono Boost)  
  54  4:59  Probe (Chrono Boost)  
  49  5:03  Adept x2  
  52  5:07  Probe (Chrono Boost)  
  52  5:09  Probe (Chrono Boost)  
  52  5:12  Phoenix (Chrono Boost)  
  56  5:18  Probe (Chrono Boost)  
  57  5:21  Probe (Chrono Boost)  
  58  5:29  Forge  
  58  5:30  Twilight Council, Assimilator  
  58  5:31  Probe (Chrono Boost)  
  58  5:33  Assimilator  
  58  5:34  Probe  
  60  5:41  Probe  
  59  5:47  Probe  
  61  5:50  Phoenix (Chrono Boost)  
  61  5:51  Probe  
  64  6:00  Probe  
  64  6:02  Probe (Chrono Boost)  
  64  6:03  Protoss Ground Weapons Level 1 (Chrono Boost)  
  62  6:06  Probe (Chrono Boost)  
  63  6:11  Adept  
  63  6:12  Resonating Glaives (Chrono Boost), Probe (Chrono Boost)  
  63  6:14  Probe (Chrono Boost)  
  63  6:16  Probe (Chrono Boost)  
  68  6:21  Pylon  
  68  6:23  Probe  
  69  6:26  Probe  
  69  6:28  Adept x2  
  69  6:29  Probe  
  75  6:35  Probe  
  75  6:38  Probe (Chrono Boost)  
  75  6:39  Probe (Chrono Boost)  
  77  6:43  Pylon  
  77  6:47  Probe (Chrono Boost)  
  78  6:49  Probe (Chrono Boost)  
  78  6:51  Probe (Chrono Boost)  
  78  6:53  Adept x2  
  85  6:54  Pylon  
  85  6:57  Probe  
  85  7:01  Adept  
  88  7:07  Phoenix (Chrono Boost)  
  90  7:12  Pylon  
  90  7:13  Adept x2  
  94  7:16  Pylon  
  94  7:29  Adept  
  97  7:30  Probe  
  97  7:33  Gateway  
  97  7:35  Gateway  
  97  7:37  Gateway  
  97  7:38  Adept x2  
  97  7:41  Phoenix (Chrono Boost)  
  103  7:44  Probe  
  103  7:48  Pylon  
  103  7:49  Pylon  
  101  7:59  Adept  
  101  8:00  Adept x2  
  109  8:06  Phoenix (Chrono Boost)  
  93  8:21  Adept x3  
  88  8:30  Probe  
  88  8:32  Probe x2 (Chrono Boost)  
  87  8:37  Robotics Facility  
  87  8:38  Assimilator x2  
  87  8:40  Pylon  
  83  8:41  Adept x5  
  83  8:42  Probe (Chrono Boost)  
  83  8:44  Phoenix  
  96  8:50  Probe  
  96  8:51  Probe  
  96  8:55  Pylon  
  98  8:58  Adept  
  98  9:02  Adept  
  102  9:04  Oracle  
  105  9:10  Adept x2  
  105  9:11  Adept  
  105  9:15  Probe  
  112  9:20  Photon Cannon  
  112  9:21  Pylon  
  114  9:31  Pylon  
  109  9:52  Pylon  
Show
View Real Time Build Order
Export as new Build Order

Optimus Terran 

Build Orders: Reaper Expand, MMM Bio 

Get SALT Encoding   

  12  0:00  SCV  
  13  0:12  SCV  
  14  0:17  Supply Depot  
  14  0:24  SCV  
  15  0:28  Refinery  
  15  0:38  SCV  
  16  0:44  Barracks  
  16  0:50  SCV  
  17  1:03  SCV  
  18  1:15  SCV  
  19  1:31  Orbital Command  
  19  1:32  Reaper  
  20  1:47  Command Center  
  20  1:59  Factory  
  20  2:02  SCV  
  21  2:09  Barracks Reactor  
  21  2:13  Supply Depot  
  21  2:15  SCV  
  21  2:20  Refinery  
  22  2:27  SCV  
  23  2:40  SCV  
  24  2:46  Marine x2  
  26  2:52  SCV  
  26  2:53  Widow Mine  
  26  2:54  Starport  
  28  3:02  Orbital Command  
  28  3:04  SCV  
  29  3:08  Marine  
  29  3:09  Marine  
  31  3:16  SCV  
  32  3:21  Widow Mine  
  34  3:28  Marine x2, SCV  
  36  3:34  SCV  
  36  3:35  Medivac  
  36  3:40  SCV, Supply Depot  
  40  3:46  SCV  
  40  3:47  Marine  
  40  3:48  Marine  
  43  3:50  Widow Mine  
  43  3:52  SCV  
  42  4:03  SCV  
  42  4:04  SCV  
  42  4:05  Marine, Medivac  
  43  4:13  Supply Depot  
  43  4:15  SCV  
  43  4:16  Marine, SCV  
  44  4:18  Liberator  
  44  4:19  Widow Mine  
  44  4:23  Marine  
  45  4:27  SCV  
  45  4:33  SCV, Marine  
  50  4:39  SCV  
  50  4:41  Marine  
  50  4:45  SCV  
  52  4:47  Supply Depot  
  52  4:51  SCV  
  53  4:53  Widow Mine  
  53  4:54  Marine  
  53  4:57  SCV  
  55  5:03  Marine, SCV  
  55  5:06  Liberator  
  57  5:09  SCV  
  57  5:10  Supply Depot  
  57  5:12  Marine  
  59  5:16  SCV  
  59  5:21  Marine, SCV  
  56  5:25  Factory Tech Lab  
  61  5:32  Barracks  
  61  5:33  SCV, Barracks  
  62  5:36  SCV  
  62  5:42  Marine x2  
  65  5:44  Siege Tank  
  65  5:45  SCV  
  65  5:48  Refinery  
  65  5:49  SCV  
  67  5:57  SCV  
  67  6:00  Marine x2  
  69  6:08  Medivac  
  72  6:14  Barracks  
  72  6:15  SCV, Barracks  
  72  6:16  Siege Tank  
  72  6:17  Marine, Supply Depot  
  72  6:18  Marine  
  72  6:19  SCV  
  72  6:23  Marine  
  72  6:24  Barracks Tech Lab  
  74  6:28  SCV  
  74  6:31  SCV  
  76  6:35  Marine x2  
  76  6:37  Liberator  
  78  6:40  SCV  
  78  6:43  Marine x2  
  78  6:44  Stimpack  
  80  6:47  Supply Depot  
  80  6:48  Siege Tank  
  80  6:53  Marine x2  
  85  7:01  Supply Depot  
  86  7:05  Bunker  
  86  7:08  Marine  
  86  7:09  SCV x2  
  86  7:11  Marine x2  
  86  7:13  Supply Depot x2  
  86  7:14  Barracks Reactor, Barracks Tech Lab  
  86  7:15  Barracks Tech Lab  
  91  7:18  Bunker  
  91  7:21  SCV x2  
  93  7:23  Siege Tank  
  93  7:26  Marine  
  93  7:29  Marine x2  
  98  7:33  Marauder, Combat Shields  
  99  7:38  Marine  
  99  7:41  Bunker  
  100  7:44  Marauder  
  100  7:47  Marine x2  
  100  7:48  Medivac  
  105  7:53  Marine x2  
  105  7:54  Marauder  
  105  7:56  Marine, SCV x2  
  108  8:04  Marine  
  108  8:05  Marine x2  
  108  8:07  Engineering Bay  
  108  8:10  Bunker  
  108  8:11  Marine x2  
  112  8:19  Marine x2  
  85  8:31  Marine x2  
  85  8:32  Marine  
  85  8:33  Marine  
  82  8:36  Siege Tank  
  82  8:40  Medivac  
  80  8:45  Supply Depot  
  80  8:46  Marauder x3, Concussive Shells  
  86  8:56  Marine  
  86  8:57  Marine x3, Supply Depot  
  90  9:04  Supply Depot  
  90  9:07  Marauder x2, Marine  
  90  9:08  Siege Tank  
  94  9:14  Marine x3  
  94  9:16  Marine  
  92  9:25  Marine  
  92  9:29  Marauder x2  
  93  9:32  Marine x3  
Tags
 
Add a new tag
Caveats
  • Supply blocks, unpowered buildings, or Contaminate may cause inaccurate times.
  • Supply counts are checked every 10 seconds.